 Dungeon Crawl Stone Soup version 0.28.0-53-g5a82cb258f (webtiles) character file.

Game seed: 7565157628413362280

539 Peloso the Slasher (level 7, -1/60 HPs)
             Began as a Minotaur Fighter on July 27, 2022.
             Slain by an orc
             ... wielding a +0 morningstar
              (9 damage)
             ... on level 4 of the Dungeon.
             The game lasted 00:06:16 (4141 turns).

Peloso the Slasher (Minotaur Fighter)               Turns: 4141, Time: 00:06:17

Health: -1/60      AC: 11    Str: 23    XL:     7   Next: 5%
Magic:  6/6        EV:  8    Int:  5    God:
Gold:   131        SH:  5    Dex: 14    Spells: 6/6 levels left

rFire   + . .      SeeInvis .   a - +0 long sword
rCold   . . .      Faith    .   c - +0 buckler
rNeg    + . .      Spirit   .   j - +1 chain mail {rN+}
rPois   .          Reflect  .   (helmet restricted)
rElec   .          Harm     .   (no cloak)
rCorr   .          Rampage  .   (no gloves)
Will    +....                   (no boots)
Stlth   ..........              (no amulet)
HPRegen 0.20/turn               l - ring of Discretion {rF+ Will+ Str+2 Dex+3 Stlth+}
MPRegen 0.10/turn               (no ring)

@: no status effects
A: horns 2, retaliatory headbutt
a: no special abilities


You were on level 4 of the Dungeon.
You visited 1 branch of the dungeon, and saw 4 of its levels.

You collected 131 gold pieces.

Inventory:

Hand Weapons
 a - a +0 long sword (weapon)
Armour
 b - a +0 scale mail
 c - a +0 buckler (worn)
 j - a +1 chain mail of positive energy (worn)
Jewellery
 l - the ring of Discretion (left hand) {rF+ Will+ Str+2 Dex+3 Stlth+}
   (You found it on level 3 of the Dungeon)

   [ring of willpower]

   Str:       It affects your strength (+2).
   Dex:       It affects your dexterity (+3).
   rF:        It protects you from fire.
   Will:      It increases your willpower.
   Stlth:     It makes you more stealthy.
Wands
 k - a wand of charming (6)
Scrolls
 f - 2 scrolls of enchant armour
Potions
 d - a potion of might
 g - a potion of haste
 m - a potion of mutation


   Skills:
 + Level 4.7 Fighting
 + Level 6.3 Long Blades
 + Level 6.2 Armour
 + Level 1.3 Dodging
 + Level 0.2 Stealth
 + Level 4.4 Shields


You had 6 spell levels left.
You didn't know any spells.
Your spell library contained the following spells:

 Spells                   Type           Power      Damage    Failure   Level
 Conjure Flame            Conj/Fire      0%         6-21      100%        3
 Ignite Poison            Fire/Tmut/Pois 0%         N/A       100%        3
 Sticky Flame             Conj/Fire      0%         2d3       100%        4


Dungeon Overview and Level Annotations

Branches:
Dungeon (4/15)
 Temple: D:4-7

Altars:
Xom
The Shining One


Innate Abilities, Weirdness & Mutations

You have a pair of horns on your head.
You reflexively headbutt those who attack you in melee.


Message History

The scorpion is almost dead.
You feel very sick. The scorpion barely misses you. The scorpion stings you.
You closely miss the scorpion.
The scorpion is almost dead.
You feel sick. The scorpion stings you!
You are more poisoned.
The scorpion poisons you!
You completely miss the scorpion.
The scorpion is almost dead.
You feel very sick.
The scorpion stings you but does no damage.
You slash the scorpion!
You kill the scorpion!
You feel very sick. The adder bites you but does no damage.
You have reached level 7!
You completely miss the adder.
You feel very sick. The adder bites you.
* * * LOW HITPOINT WARNING * * *
Unknown command.
Okay, then.
As you read the scroll of teleportation, it crumbles to dust.
You feel strangely unstable.
You feel sick. The adder bites you but does no damage.
You feel sick.
Your surroundings suddenly seem different. 2 orcs and an orc priest come into view.
You feel sick.
The orc shouts! x2; The orc priest shouts!
Unknown command.
You feel sick. You block the orc's attack.
The orc priest hits you with a +0 flail.
* * * LOW HITPOINT WARNING * * *
* * * LOW HITPOINT WARNING * * *
You feel sick. The orc barely misses you.
It was a potion of curing.
You feel better. The orc completely misses you.
The orc hits you with a +0 morningstar!
You die...

#._....# .. # ..#...##.#
# .. #...#.. #S# #. #.
#...######o####
#..###'####'#.....so....
.......#....'s.oo.......
.......#...(#...........
.......#o...#...........
.......@oo..#...........
#########..##...........
#..#....########
...#....#.....+.
....#....#.....#. #....#
#.....#. ###### #<...###
#....### #......#


You could see a scorpion, an orc priest and 2 orcs.

Vanquished Creatures
  A gnoll sergeant (D:2)
  2 scorpions (D:4)
  A howler monkey (D:4)
  A bullfrog skeleton (D:4)
  A gnoll shaman (D:3)
  Ijyb (D:2)
  Terence (D:2)
  7 gnolls
  3 adders
  A shadow imp (D:3)
  2 worms (D:2)
  2 dart slugs
  6 orcs
  7 ball pythons
  7 endoplasms
  3 giant cockroaches
  9 goblins
  6 hobgoblins
  3 jackals (D:2)
  7 kobolds
  3 quokkas
  7 bats
  4 frilled lizards
  A quokka skeleton (D:2)
  13 rats
99 creatures vanquished.

Notes
Turn   | Place    | Note
-------+----------+-------------------------------------------
     0 | D:1      | Peloso the Minotaur Fighter began the quest for the Orb.
     0 | D:1      | Reached XP level 1. HP: 19/19 MP: 0/0
    24 | D:1      | Found a faded altar of an unknown god.
    96 | D:1      | Reached XP level 2. HP: 25/27 MP: 1/1
   592 | D:1      | Reached XP level 3. HP: 33/33 MP: 2/2
   977 | D:2      | Reached skill level 1 in Dodging
  1159 | D:2      | Reached XP level 4. HP: 40/40 MP: 3/3
  1565 | D:2      | Noticed Terence
  1569 | D:2      | Killed Terence
  1750 | D:3      | Noticed Ijyb
  1784 | D:2      | Killed Ijyb
  1785 | D:2      | Reached XP level 5. HP: 42/46 MP: 4/4
  1803 | D:3      | Identified the ring of Discretion {rF+ Will+ Str+2 Dex+3
                  | Stlth+}
  2012 | D:2      | Reached skill level 5 in Long Blades
  2204 | D:2      | Reached skill level 5 in Armour
  2761 | D:3      | Found a shimmering altar of Xom.
  2926 | D:3      | Reached XP level 6. HP: 47/53 MP: 5/5
  4112 | D:4      | Found a glowing golden altar of the Shining One.
  4134 | D:4      | Reached XP level 7. HP: 21/60 MP: 6/6
  4139 | D:4      | HP: 3/60 [poisoned by a scorpion]
  4141 | D:4      | Slain by an orc

Illustrated notes

Levels and vault maps discovered:
D:1:      dpeg_arrival_ratfight, layout_rooms, ebering_ecumenical_altar_box,
          minmay_cupped
D:2:      layout_basic, minmay_close_crescents, uniq_terence
D:3:      cheibrodos_helix_gallery, layout_basic, lemuel_crystal_altar,
          uniq_ijyb
D:4:      layout_gridville, mainiacjoe_overflow_alcove_2, minmay_bisected

Skill      XL: |  1  2  3  4  5  6 |
---------------+-------------------+-----
Fighting       | 4 |  4.7
Armour         | 4 5 6 |  6.2
Long Blades    | 3 4 5 6 |  6.3
Dodging        | 1 |  1.3
Shields        | 4 |  4.4
Stealth        | |  0.2

Action                   |  1- 3 |  4- 6 |  7- 9 || total
-------------------------+-------+-------+-------++-------
Melee: Long sword        |   105 |   153 |     1 ||   259
       Headbutt          |     9 |    27 |       ||    36
  Use: Scroll            |       |     4 |     1 ||     5
       Potion            |       |       |     1 ||     1
Armor: Scale mail        |    59 |     6 |       ||    65
       Chain mail        |       |    62 |     1 ||    63
Dodge: Dodged            |    60 |    58 |     2 ||   120
Block: Buckler           |    29 |    35 |     1 ||    65
